[Event "Late-Titled-Tuesday-Blitz-January-30-2024"]
[Site "Chess.com"]
[Date "2024.01.30"]
[Round "8"]
[White "Kildepiotr"]
[Black "dmitrijiIM"]
[Result "0-1"]
[WhiteElo "2708"]
[BlackElo "2896"]
[TimeControl "180+1"]
[EndTime "15:27:48 PST"]
[Termination "dmitrijiIM won by checkmate"]

1. Nf3 Nf6 2. g3 e6 3. Bg2 d5 4.
O-O Bd6 5. d3 e5 6. Nbd2 O-O 7.
e4 dxe4 8. dxe4 Qe7 9. Qe2 b6 10. Rd1 Ba6 11. Qe1 Nc6 12. c3 Na5 13. Nb3 Nxb3 14.
axb3 Bb7 15. Nh4 g6 16. Bg5 a5 17. Qe2 Qe6 18. f3 Nd7 19. Qc4 Qxc4 20. bxc4 a4 21.
Bf1 Nc5 22. Ng2 f6 23. Bh6 Rfd8 24. Ne3 c6 25. Bh3 Bc8 26. Bxc8 Raxc8 27. Ng4 Kf7 28. Be3 h5 29. Nf2 Be7 30. Kf1 Rxd1+ 31. Rxd1 Ke6 32. Bxc5 Bxc5 33. Nd3 Be7 34. Ra1 b5 35. c5 Kd7 36.
Ke2 Ke6 37. Ra3 h4 38. g4 f5 39. h3 Rf8 40. b3 axb3 41. Ra6 fxe4 42. fxe4 Rc8 43. Kd2 Bg5+ 44. Ke2 Bh6 45. Ra3 Bf8 46. Rxb3 Ra8 47. Nb4 Kd7 48. Nd3 Ra2+ 49. Kf3 Ke6 50. Nb4 Rh2 51. Nxc6 Bxc5 52. Rxb5 Rf2# 0-1

[Event "Late-Titled-Tuesday-Blitz-January-30-2024"]
[Site "Chess.com"]
[Date "2024.01.30"]
[Round "8"]
[White "GMRafpig"]
[Black "Baby_Legs"]
[Result "0-1"]
[WhiteElo "2731"]
[BlackElo "2630"]
[TimeControl "180+1"]
[EndTime "15:27:48 PST"]
[Termination "Baby_Legs won on time"]

1. c4 e6 2. g3 Nf6 3. Bg2 d5 4. Nf3 Bd6 5. O-O O-O 6. d4 c6 7.
b3 Ne4 8. Bb2 Nd7 9. Nbd2 f5 10.
Qc2 Qe7 11. e3 b6 12. a3 Bb7 13. b4 a5 14. c5 bxc5 15. dxc5 Bc7 16. Rfd1 e5 17. b5 Rac8 18. bxc6 Bxc6 19. Rac1 Rb8 20. Ba1 Kh8 21. Bf1 Qe6 22. Rb1 h6 23. Rxb8 Rxb8 24. Nxe4 fxe4 25. Nd2 Rf8 26. Nb1 d4 27. exd4 exd4 28.
Bxd4 e3 29. fxe3 Ne5 30. Bxe5 Qxe5 31. Qd2 Rd8 32. Qxd8+ Bxd8 33. Rxd8+ Kh7 34. Bd3+ g6 35. Rd6 Qxe3+ 36. Kf1 Be4 37. Bxe4 Qxe4 38. Nd2 Qf5+ 39. Ke2 Qxc5 40. Ne4 Qxa3 41. Rd7+ Kh8 0-1

[Event "Late-Titled-Tuesday-Blitz-January-30-2024"]
[Site "Chess.com"]
[Date "2024.01.30"]
[Round "8"]
[White "PawnEatingZombie"]
[Black "vladoboch"]
[Result "1-0"]
[WhiteElo "2193"]
[BlackElo "2460"]
[TimeControl "180+1"]
[EndTime "15:27:48 PST"]
[Termination "PawnEatingZombie won on time"]

1. e4 c5 2. c3 Nc6 3. d4 cxd4 4. cxd4 d5 5. exd5 Qxd5 6. Nf3 Bg4 7. Be2 e6 8. Nc3 Bb4 9. O-O Bxc3 10. bxc3 Nf6 11. h3 Bf5 12. c4 Qd8 13. Be3 O-O 14. Qb3 Qc7 15. Rac1 Rfd8 16. Rfd1 a5 17. d5 a4 18. Qb6 Qxb6 19. Bxb6 exd5 20. Bxd8 Rxd8 21. cxd5 Rxd5 22. Rxd5 Nxd5 23. Bb5 Ncb4 24. a3 Na2 25. Rc5 Nac3 26. Bxa4 b6 27. Rc4 b5 28. Bxb5 Nxb5 29. a4 Nd6 30. Rc5 Be6 31. a5 Nb4 32. Nd4 Bc4 33. Nc6 Na6 34. Re5 Kf8 35. Re1 Bd5 36. Nd4 Nc4 37. f3 Nc5 38. Ra1 Nb3 39. Nxb3 Ne3 40. a6 Nc2 41. Rb1 Na3 42. Rd1 Bc6 43. a7 Ke7 44.
Rc1 Bd5 45. Rc8 1-0

[Event "Late-Titled-Tuesday-Blitz-January-30-2024"]
[Site "Chess.com"]
[Date "2024.01.30"]
[Round "8"]
[White "pooh2012"]
[Black "JakubPulpan"]
[Result "0-1"]
[WhiteElo "2509"]
[BlackElo "2712"]
[TimeControl "180+1"]
[EndTime "15:27:51 PST"]
[Termination "JakubPulpan won by checkmate"]

1. Nf3 c5 2. c4 b6 3. g3 Bb7 4. Bg2 e6 5. O-O Nf6 6. Nc3 Ne4 7. Nxe4 Bxe4 8. d3 Bb7 9. b3 Be7 10. Bb2 O-O 11. Qd2 Nc6 12. Ne5 Nxe5 13. Bxb7 Rb8 14. Bg2 Nc6 15. e3 Bg5 16. f4 Bf6 17. d4 cxd4 18.
exd4 d5 19. g4 g6 20. f5 Rc8 21. fxe6 fxe6 22. cxd5 exd5 23. Rae1 Qd7 24. h3 Bg7 25.
Rxf8+ Rxf8 26. Qg5 Rd8 27. Rc1 Nxd4 28. Bxd4 Bxd4+ 29. Kh1 Bg7 30. Re1 Qd6 31. Qe3 d4 32. Qd3 Kh8 33. Rf1 Re8 34. Rc1 Qf4 35. Rf1 Qe5 36. Qc4 Bf8 37. h4 Bd6 38. Kg1 Qh2+ 39.
Kf2 Qxh4+ 40. Kf3 Qg3# 0-1

[Event "Late-Titled-Tuesday-Blitz-January-30-2024"]
[Site "Chess.com"]
[Date "2024.01.30"]
[Round "8"]
[White "Quattroporte300"]
[Black "djano"]
[Result "0-1"]
[WhiteElo "2407"]
[BlackElo "2627"]
[TimeControl "180+1"]
[EndTime "15:27:53 PST"]
[Termination "djano won by resignation"]

1. e4 c5 2. c3 Qa5 3. Nf3 g6 4. Bc4 Bg7 5. O-O e6 6. d4 cxd4 7. cxd4 Ne7 8. Nc3 d5 9. exd5 exd5 10. Bb3 O-O 11. h3 Nbc6 12. Re1 h6 13. Bf4 Be6 14. Qd2 Nf5 15. Be5 Rfe8 16. Rad1 Rad8 17. Bxg7 Kxg7 18. Qf4 Qb4 19. g4 Nd6 20. Nxd5 Bxd5 21. Bxd5 Qxb2 22. Rxe8 Rxe8 23. Qxd6 Rd8 24. Qc5 Nb4 25. Bb3 Nxa2 26. Qe5+ Kg8 27. Bxa2 Qxa2 28. Rc1 Qa3 29. Kg2 Qxc1 30.
Qf6 Qc8 31. Ne5 Rf8 32. h4 Qe6 33. Qf4 Kg7 34. Kg3 f6 35. Nf3 Rd8 36. Qc7+ Qd7 37.
Qc5 Qd6+ 38. Qxd6 Rxd6 39. Kf4 a5 40. Ke4 a4 41. Nd2 a3 42. Nb3 Rb6 0-1

[Event "Late-Titled-Tuesday-Blitz-January-30-2024"]
[Site "Chess.com"]
[Date "2024.01.30"]
[Round "8"]
[White "melissa_guez"]
[Black "santosalberto1987"]
[Result "0-1"]
[WhiteElo "2275"]
[BlackElo "2539"]
[TimeControl "180+1"]
[EndTime "15:27:53 PST"]
[Termination "santosalberto1987 won by resignation"]

1. e4 e6 2. d4 d5 3. Nd2 c5 4. exd5 Qxd5 5. Ngf3 cxd4 6. Bc4 Qd6 7. O-O Nf6 8. Nb3 Nc6 9. Nbxd4 Nxd4 10. Nxd4 a6 11. c3 Qc7 12. Bb3 Bd7 13. Bg5 Bd6 14. Nf5 exf5 15. Re1+ Kf8 16. Bxf6 gxf6 17. Qd5 Be6 18. Rxe6 fxe6 19. Qxe6 Kg7 20. Rd1 Rad8 21. g3 Be5 22. Re1 Qd7 23. Qc4 Rhe8 24. Qh4 Kh8 25. a4 Qd2 26. Rxe5 Qg5 27. Qxg5 fxg5 28. Rxf5 Rd2 29. Rxg5 Rxb2 30. Bd5 b5 31. axb5 Rxb5 32. c4 Rc5 33. Kg2 a5 34. Rf5 Re7 35. Rf8+ Kg7 36. Ra8 Re2 37.
Kf3 Ra2 38. h4 a4 39. g4 h6 40. Kg3 a3 41. f4 Ra1 42. g5 hxg5 43. hxg5 a2 44.
Rg8+ Kh7 45. g6+ Kh6 46. f5 Rg1+ 47. Kf2 a1=Q 48. Rh8+ Qxh8 0-1

[Event "Late-Titled-Tuesday-Blitz-January-30-2024"]
[Site "Chess.com"]
[Date "2024.01.30"]
[Round "8"]
[White "BestestBP"]
[Black "RaulPerezGuerra"]
[Result "0-1"]
[WhiteElo "2260"]
[BlackElo "2440"]
[TimeControl "180+1"]
[EndTime "15:27:54 PST"]
[Termination "RaulPerezGuerra won by checkmate"]

1. c4 c5 2. Nc3 g6 3. Nf3 Bg7 4. g3 b6 5. Bg2 Bb7 6. O-O e6 7. e3 Ne7 8. d4 cxd4 9. exd4 d5 10. cxd5 Nxd5 11. Re1 O-O 12. Ne5 Nxc3 13. bxc3 Bxg2 14. Kxg2 Nd7 15. Nxd7 Qxd7 16. Qf3 Rac8 17. Ba3 Rfd8 18. Rac1 Rc4 19. Red1 Qa4 20. Be7 Re8 21. Bf6 Rec8 22.
d5 exd5 23. Rxd5 Bxf6 24. Qxf6 Qc6 25. Qf3 Rxc3 26. Rxc3 Qxc3 27. Rd8+ Kg7 28. Rxc8 Qxc8 29. Qd5 Qc5 30. Qb7 a5 31. Qe4 b5 32. h4 h5 33.
Qa8 a4 34. Qe4 Kf6 35. Qf3+ Ke6 36. Qe4+ Kd7 37. Qb7+ Ke6 38. Qe4+ Kf6 39. Qf3+ Kg7 40. Qe4 Qc4 41. Qe5+ Kh7 42. a3 b4 43. axb4 Qxb4 44. Qe8 Qc4 45. Qa8 Qb3 46. g4 hxg4 47. Qe4 Qf3+ 48. Qxf3 gxf3+ 49. Kxf3 a3 50. Kg4 a2 51. f4 a1=Q 52. h5 Qd1+ 53. Kg5 Qxh5+ 54. Kf6 Qf5+ 55.
Ke7 Qxf4 56. Kf8 g5 57. Ke7 g4 58. Kf8 g3 59. Ke7 g2 60. Kf8 g1=Q 61. Ke7 Qc5+ 62.
Kd7 Qfd6+ 63. Ke8 Qe7# 0-1

[Event "Late-Titled-Tuesday-Blitz-January-30-2024"]
[Site "Chess.com"]
[Date "2024.01.30"]
[Round "8"]
[White "GMKrikor"]
[Black "StellarChess"]
[Result "1-0"]
[WhiteElo "2795"]
[BlackElo "2551"]
[TimeControl "180+1"]
[EndTime "15:27:56 PST"]
[Termination "GMKrikor won by resignation"]

1. Nf3 Nf6 2. c4 g6 3. Nc3 d6 4. e4 e5 5. d4 exd4 6. Nxd4 Bg7 7. Be2 O-O 8. O-O Nc6 9. Be3 Re8 10. f3 Nh5 11.
Qd2 Nf4 12. Rfd1 Nxd4 13. Bxd4 Nxe2+ 14. Qxe2 Bxd4+ 15. Rxd4 Be6 16. Rad1 Qe7 17. b3 a6 18.
a4 Qf6 19. Qd2 h5 20. a5 h4 21. h3 Rac8 22. Nd5 Bxd5 23. cxd5 Red8 24. Rb4 Rb8 25.
Rc1 Rd7 26. Rbc4 Rc8 27. Qb4 Qd8 28. Qxb7 Rb8 29. Qxa6 Rxb3 30. Qa7 Rb2 31. Qd4 Ra2 32. Ra4 Rxa4 33. Qxa4 Re7 34. a6 Qa8 35. a7 c5 36.
Ra1 Kg7 37. Qc6 Re8 38. Qxd6 c4 39. Qc5 Rc8 40. Qxc8 Qxc8 41. a8=Q Qc5+ 42. Kh1 c3 43. Qa3 Qd4 44. Qc1 c2 45. Kh2 Qe5+ 46. Kg1 Qd4+ 47.
Kf1 Qd3+ 48. Kf2 Qd4+ 49. Ke2 Qc4+ 50. Kd2 Qd4+ 51. Kxc2 Qc4+ 52. Kd2 Qd4+ 53. Ke2 1-0

[Event "Late-Titled-Tuesday-Blitz-January-30-2024"]
[Site "Chess.com"]
[Date "2024.01.30"]
[Round "8"]
[White "sjoerd893"]
[Black "Chempiblinka"]
[Result "1/2-1/2"]
[WhiteElo "2490"]
[BlackElo "2328"]
[TimeControl "180+1"]
[EndTime "15:27:58 PST"]
[Termination "Game drawn by repetition"]

1. e4 c5 2. Nf3 Nc6 3. d4 cxd4 4. Nxd4 g6 5. c4 Nf6 6. Nc3 Nxd4 7. Qxd4 d6 8. Be2 Bg7 9. Be3 O-O 10. Qd2 a5 11.
O-O a4 12. Rfd1 Qa5 13. Rac1 Be6 14. f3 Nd7 15. Nd5 Bxd5 16. cxd5 Qxd2 17. Rxd2 Rfc8 18. Rdc2 Nc5 19. Kf1 b6 20. h4 Rcb8 21. Bb5 Ra5 22. Bc6 Nd3 23. Rb1 Nb4 24. Rc4 Nxa2 25. Ra1 b5 26.
Bxb5 Raxb5 27. Rxa2 Rxb2 28. Rxb2 Bxb2 29. Rxa4 Kg7 30. Ra7 Bf6 31. Bg5 h6 32. Bxf6+ Kxf6 33. Kf2 Rb2+ 34. Kg3 h5 35. Ra3 Rd2 36. Ra1 Rc2 37.
Rg1 Rb2 38. Kf4 Ra2 39. g4 hxg4 40. fxg4 Rh2 41. Kg3 Re2 42. Rf1+ Kg7 43. Rf4 Re3+ 44. Kg2 Ra3 45. g5 Rb3 46. Kf2 Ra3 47. Rg4 Rb3 48.
Rg1 Ra3 49. Rb1 Rh3 50. Rb7 Kf8 51. Rb8+ Kg7 52. Re8 Rxh4 53. Rxe7 Kf8 54. Rd7 Rxe4 55. Rxd6 Re5 56. Kf3 Rxg5 57. Ke4 Ke7 58. Ra6 Rg1 59. Ke5 Re1+ 60. Kd4 g5 61. d6+ Kd7 62. Kd5 Rd1+ 63. Ke5 Re1+ 64. Kd5 Rd1+ 65. Ke5 Re1+ 66. Kd5 1/2-1/2

[Event "Late-Titled-Tuesday-Blitz-January-30-2024"]
[Site "Chess.com"]
[Date "2024.01.30"]
[Round "8"]
[White "Chesstrainer1"]
[Black "leotobares"]
[Result "1/2-1/2"]
[WhiteElo "2482"]
[BlackElo "2401"]
[TimeControl "180+1"]
[EndTime "15:28:00 PST"]
[Termination "Game drawn by repetition"]

1. e4 c5 2. Nf3 g6 3. Bc4 Bg7 4. c3 d6 5. d4 Nf6 6. dxc5 O-O 7.
Qe2 dxc5 8. h3 Nc6 9. O-O Nd7 10. Rd1 Qc7 11. Na3 a6 12. Bg5 Nde5 13. Nxe5 Nxe5 14.
Bd5 e6 15. Bb3 b5 16. Rd2 h6 17. Bf4 Bb7 18. Rad1 Rad8 19. Qe3 Rxd2 20. Rxd2 g5 21.
Bg3 c4 22. Bc2 Rd8 23. Nb1 a5 24. h4 g4 25. h5 Rxd2 26. Nxd2 b4 27. Ba4 bxc3 28.
bxc3 Bc6 29. Qc5 Qd7 30. Bxe5 Bxa4 31. Bxg7 Kxg7 32. Nxc4 Bc2 33. Qe5+ f6 34. Qf4 e5 35.
Qd2 Qc7 36. Nxa5 Bxe4 37. Nb3 Qc6 38. Na5 Qb5 39. c4 Qb1+ 40. Kh2 Qf1 41. Qd7+ Kg8 42. Qd8+ Kg7 43. Qe7+ Kg8 44. Qe8+ Kg7 45. Qe7+ Kg8 46. Qe8+ Kg7 47. Qe7+ 1/2-1/2

[Event "Late-Titled-Tuesday-Blitz-January-30-2024"]
[Site "Chess.com"]
[Date "2024.01.30"]
[Round "8"]
[White "jcibarra"]
[Black "DenLaz"]
[Result "0-1"]
[WhiteElo "2874"]
[BlackElo "3047"]
[TimeControl "180+1"]
[EndTime "15:28:04 PST"]
[Termination "DenLaz won on time"]

1. e4 c5 2. Nf3 e6 3. d4 cxd4 4. Nxd4 Nc6 5. Nc3 Qc7 6. Be3 a6 7. g4 h6 8. Rg1 Nf6 9. h4 Bb4 10. Nxc6 bxc6 11. g5 hxg5 12. hxg5 Nxe4 13. Qd4 Nxc3 14.
Qxg7 Nd5+ 15. c3 Rf8 16. cxb4 Nxe3 17. fxe3 Qh2 18. g6 Qh4+ 19. Kd2 fxg6 20. Bd3 Qxb4+ 21. Ke2 Rb8 22. b3 Kd8 23. Rxg6 Re8 24. Rc1 Kc7 25. Qe5+ Qd6 26. Qa5+ Rb6 27. Rc4 Qh2+ 28. Kd1 Qh1+ 29. Kd2 Qh2+ 30. Kc1 Qh1+ 31. Kb2 Qd5 32. Qc3 Rf8 33. Qc2 Qe5+ 34. Ka3 a5 35. e4 Qd6+ 36. Kb2 Qe5+ 37. Ka3 Rb4 38. Rxb4 axb4+ 39. Kxb4 Qd4+ 40. Bc4 Ba6 41. Qh2+ e5 42. Rg5 Bxc4 43. Rxe5 Rb8+ 44. Rb5+ d6 0-1

[Event "Late-Titled-Tuesday-Blitz-January-30-2024"]
[Site "Chess.com"]
[Date "2024.01.30"]
[Round "8"]
[White "KaydenTroffChess"]
[Black "Rikikits"]
[Result "1/2-1/2"]
[WhiteElo "2857"]
[BlackElo "2840"]
[TimeControl "180+1"]
[EndTime "15:28:04 PST"]
[Termination "Game drawn - insufficient material"]

1. d4 d5 2. Nf3 Nf6 3. Bf4 g6 4.
e3 Bg7 5. Be2 O-O 6. h4 c5 7. c3 Nc6 8. Ne5 Qb6 9. Qc1 Nd7 10. Nxc6 bxc6 11. h5 e5 12. dxe5 Nxe5 13. Nd2 Ba6 14. Bxe5 Bxe5 15. Bxa6 Qxa6 16. Nf3 Bg7 17.
Qc2 Rab8 18. Rh4 Rfe8 19. Ra4 Rxb2 20. Rxa6 Rxc2 21. Kf1 Bxc3 22. Rb1 d4 23. Rxc6 dxe3 24. fxe3 gxh5 25. Rxc5 Rxe3 26. Nd4 Bxd4 27. Rxc2 Bb6 28. Re1 Ra3 29. Re5 h4 30. Rg5+ Kf8 31. Rh5 Ra4 32. Rxh7 Rf4+ 33. Ke1 Kg8 34. Rh5 Kg7 35. Rg5+ Kf6 36.
Rg8 Ba5+ 37. Ke2 Bb6 38. Rc6+ Ke7 39. Ke1 Ba5+ 40. Kd1 Bb6 41. Rc3 Rf1+ 42. Ke2 Rf2+ 43. Kd1 Rxa2 44. Rh3 Bf2 45. Rf3 Bg3 46. Rg7 Rxg2 47.
Rfxf7+ Ke6 48. Rxa7 h3 49. Ra6+ Kf5 50. Rh6 h2 51. Rxg3 Rg1+ 52. Ke2 Rxg3 53. Rxh2 Rg5 54. Rh4 Kg6 55. Kf3 Rf5+ 56. Rf4 Rg5 57. Rg4 Rxg4 58.
Kxg4 1/2-1/2

[Event "Late-Titled-Tuesday-Blitz-January-30-2024"]
[Site "Chess.com"]
[Date "2024.01.30"]
[Round "8"]
[White "katharinareinecke"]
[Black "ElephantChessGenius"]
[Result "0-1"]
[WhiteElo "1976"]
[BlackElo "2245"]
[TimeControl "180+1"]
[EndTime "15:28:05 PST"]
[Termination "ElephantChessGenius won on time"]

1. d4 Nf6 2. c4 g6 3. Nf3 Bg7 4. g3 O-O 5. Bg2 d6 6. O-O c5 7. e3 a6 8. Nbd2 b5 9. b3 Bb7 10. Bb2 Nbd7 11. Rc1 Qa5 12. a3 Rab8 13. Re1 Ba8 14. Bf1 Qb6 15. cxb5 axb5 16. dxc5 Nxc5 17. b4 Nce4 18. Nxe4 Bxe4 19. Bd4 Qa6 20. Bb2 Qa8 21. Nd2 Bd5 22. f3 Be6 23. e4 Rfc8 24. Qe2 Rd8 25. Rc2 Nd7 26. Bxg7 Kxg7 27. Qe3 Qa4 28. Rec1 Ra8 29.
Rc3 Ne5 30. f4 Ng4 31. Qd4+ Kg8 32. Nf3 Bd7 33. h3 Nf6 34. Qe3 Qa6 35. Kh2 Rac8 36.
Bg2 Rxc3 37. Rxc3 Bc6 38. e5 Nd5 39. Qd4 Nxc3 40. Qxc3 dxe5 41. fxe5 Be4 42. Nd4 Bxg2 43. Kxg2 Qb7+ 44. Kh2 Qd5 45. Nc6 Qa2+ 46. Kg1 Rd1+ 0-1

[Event "Late-Titled-Tuesday-Blitz-January-30-2024"]
[Site "Chess.com"]
[Date "2024.01.30"]
[Round "8"]
[White "tptagain"]
[Black "Evgeny81"]
[Result "1-0"]
[WhiteElo "2912"]
[BlackElo "2730"]
[TimeControl "180+1"]
[EndTime "15:28:06 PST"]
[Termination "tptagain won by resignation"]

1. e4 e5 2. Nf3 Nc6 3. Bc4 Nf6 4. d3 Bc5 5. O-O d6 6. a4 h6 7. Be3 Bxe3 8. fxe3 Qe7 9. Nbd2 Be6 10. c3 O-O-O 11. Bb5 Nb8 12. d4 h5 13. a5 a6 14. Bd3 h4 15. d5 Bd7 16. c4 h3 17. g3 Ng4 18.
Qe2 g6 19. b4 f5 20. Rac1 Nf6 21. Ng5 Ng4 22. Ne6 Bxe6 23. dxe6 Nc6 24. exf5 gxf5 25.
b5 Nxa5 26. Bxf5 Nf6 27. bxa6 b6 28. Ne4 Kb8 29. Nxf6 Qxf6 30. Ra1 Ka7 31. c5 Nb3 32. cxb6+ cxb6 33. Qc2 Nc5 34. e4 Rdg8 35. Rf3 Qe7 36. Qc4 Qc7 37. Qd5 Re8 38. Raf1 Re7 39. Bg4 Rhe8 40. Rf7 Nxa6 41. Rxe7 Rxe7 42. Ra1 Qc5+ 43.
Qxc5 dxc5 44. Be2 Rxe6 45. Bxa6 Kb8 46. Bc4 Rd6 47. Bd5 b5 48. Rc1 c4 49. Rb1 Rb6 50. Bxc4 b4 51. Kf2 1-0

[Event "Late-Titled-Tuesday-Blitz-January-30-2024"]
[Site "Chess.com"]
[Date "2024.01.30"]
[Round "8"]
[White "Alexander_Donchenko"]
[Black "BogdanDeac"]
[Result "0-1"]
[WhiteElo "2930"]
[BlackElo "3054"]
[TimeControl "180+1"]
[EndTime "15:28:08 PST"]
[Termination "BogdanDeac won by checkmate"]

1. Nf3 d5 2. g3 Nd7 3. Bg2 e5 4. O-O Ngf6 5. d3 c6 6. Nc3 d4 7. Nb1 Bd6 8. c3 c5 9. Nbd2 O-O 10. Nc4 Bc7 11. a4 Re8 12. Qb3 Rb8 13. Bd2 b6 14.
Rfe1 Bb7 15. cxd4 exd4 16. Qa3 a5 17. Qb3 h6 18. e3 dxe3 19. Bxe3 Bd5 20. d4 Ng4 21.
Rad1 Qf6 22. Bc1 Rxe1+ 23. Rxe1 cxd4 24. Qb5 Bc6 25. Qb3 Nc5 26. Qa3 d3 27. Ncd2 Bxa4 28.
Ne4 Nxe4 29. Rxe4 Qc6 30. Rxg4 Qxc1+ 31. Bf1 Bb5 32. Qe7 Rd8 33. Qf6 Qxf1+ 34. Kxf1 d2+ 35. Kg2 Bf1+ 36. Kg1 g5 37. Nxg5 d1=Q 38. Ne6+ Qxg4 39. Nxd8 Bc4 40. Nc6 Qd1+ 41. Kg2 Qd5+ 42. f3 Qe6 43.
Ne7+ Kh7 44. Qh4 Qe2+ 45. Kh3 Be6+ 46. g4 Qxf3+ 47. Qg3 Bxg3 48. hxg3 Qf1+ 49. Kh2 Qf2+ 50. Kh3 Qg1 51. Kh4 Qh1# 0-1

[Event "Late-Titled-Tuesday-Blitz-January-30-2024"]
[Site "Chess.com"]
[Date "2024.01.30"]
[Round "8"]
[White "kai_nov"]
[Black "LastHeroJr"]
[Result "1-0"]
[WhiteElo "2325"]
[BlackElo "2474"]
[TimeControl "180+1"]
[EndTime "15:28:08 PST"]
[Termination "kai_nov won by resignation"]

1. d4 Nf6 2. c4 g6 3. f3 Bg7 4.
e4 O-O 5. Nc3 d6 6. Bg5 c5 7. d5 e6 8. Qd2 exd5 9. cxd5 h6 10. Be3 Re8 11. a4 Na6 12. Bc4 Nb4 13.
Nge2 Kh7 14. O-O a6 15. Ng3 Bd7 16. h3 Rb8 17. a5 b5 18. axb6 Rxb6 19. Ra3 Bb5 20.
Bxb5 axb5 21. Rfa1 Nd7 22. f4 Qh4 23. Kh2 Rb7 24. Bf2 Qf6 25. Ra7 Reb8 26. Rxb7 Rxb7 27.
Ra8 c4 28. Nge2 Nd3 29. Bd4 Qe7 30. Bxg7 Kxg7 31. b3 N7c5 32. bxc4 bxc4 33. Qe3 Qf6 34. Re8 Rb2 35. e5 dxe5 36. fxe5 Qf1 37. e6 Rxe2 38.
Qd4+ Re5 39. exf7 Qxf7 40. Rxe5 Nxe5 41. Qxe5+ Kh7 42. d6 Nd3 43. Qd4 Qd7 44. Ne4 Qf5 45. Nf6+ Kh8 46. d7 Kg7 47. d8=Q 1-0

[Event "Late-Titled-Tuesday-Blitz-January-30-2024"]
[Site "Chess.com"]
[Date "2024.01.30"]
[Round "8"]
[White "ArchibaldCerveza29"]
[Black "GianmarcoVaR"]
[Result "0-1"]
[WhiteElo "2498"]
[BlackElo "2667"]
[TimeControl "180+1"]
[EndTime "15:28:12 PST"]
[Termination "GianmarcoVaR won by checkmate"]

1. b3 d5 2. Bb2 Nf6 3. g3 Bg4 4. Bg2 c6 5. d3 Nbd7 6. Nd2 e5 7. h3 Be6 8. a3 Bd6 9. e3 O-O 10. Ne2 Re8 11. O-O h5 12. f4 exf4 13. Nxf4 Bf5 14.
Nxh5 Nxh5 15. Qxh5 Bg6 16. Qf3 Qg5 17. Kf2 Ne5 18.
Bxe5 Rxe5 19. g4 Rae8 20. Rae1 Bc5 21. Ke2 Bxe3 22. Kd1 Bxd2 23. Rxe5 Rxe5 24. h4 Qe3 25. h5 Qxf3+ 26. Bxf3 Bc3 27. hxg6 fxg6 28. Be2 b5 29. Rf3 a5 30. Rf1 a4 31. bxa4 bxa4 32.
Rf4 d4 33. Re4 Rb5 34. Bf3 Rb1+ 35. Ke2 Rc1 36. Re8+ Kf7 37. Rc8 Rxc2+ 38. Kf1 Bb2 39. Rxc6 Rc3 40. Rxc3 dxc3 41. Ke2 c2 42. Bd5+ Ke7 43.
Kd2 c1=Q+ 44. Ke2 Qc3 45. Kf3 Qd4 46. Be4 g5 47. Bf5 Qe5 48. Be4 Qf4+ 49. Ke2 Bd4 50. Kd1 Qf2 51. Bf3 Be3 52. Be2 Bd4 53. Kc2 Qe3 54.
Kb1 Qd2 55. Bd1 Qb2# 0-1

[Event "Late-Titled-Tuesday-Blitz-January-30-2024"]
[Site "Chess.com"]
[Date "2024.01.30"]
[Round "8"]
[White "MrTattaglia"]
[Black "ameetghasi100"]
[Result "1-0"]
[WhiteElo "2960"]
[BlackElo "2745"]
[TimeControl "180+1"]
[EndTime "15:28:13 PST"]
[Termination "MrTattaglia won by checkmate"]

1. e4 g6 2. d4 Bg7 3. c4 d6 4. Nf3 Bg4 5. Be3 c5 6. Nc3 Nc6 7. d5 Nd4 8. Be2 Bxf3 9. Bxf3 Rc8 10. O-O Nf6 11. g3 h5 12. Bg2 h4 13. Bg5 hxg3 14. fxg3 Nd7 15. h4 Ne5 16. Bh3 Rb8 17. b3 b5 18. cxb5 Nxb5 19. Nxb5 Rxb5 20. Qe2 Qb6 21. Kh2 Bh6 22. Bf4 Bg7 23. Rf2 Rb4 24. Raf1 Bf6 25. Bxe5 dxe5 26. Qg4 Kf8 27. Qe2 Kg7 28. Rf3 Rd4 29. Qf2 Rxe4 30. Be6 Qd8 31. Bh3 Rd4 32.
Bg2 Qd6 33. Re3 g5 34. Be4 gxh4 35. g4 Rxe4 36. Rxe4 Qxd5 37. Qf3 Bg5 38. Kh3 f6 39. Rd1 Qe6 40. Rc4 Rc8 41. Qe4 a5 42. Ra4 Rb8 43. Rc4 Rb4 44. Rd8 Rxc4 45. bxc4 Qf7 46. a4 Qe6 47.
Rd5 Qb6 48. Rd3 Qb2 49. Qf3 Qc2 50. Rd7 Kf7 51. Qd5+ Ke8 52. Rd8# 1-0

[Event "Late-Titled-Tuesday-Blitz-January-30-2024"]
[Site "Chess.com"]
[Date "2024.01.30"]
[Round "8"]
[White "Sokoloco"]
[Black "vugarrasulov"]
[Result "1-0"]
[WhiteElo "2785"]
[BlackElo "2931"]
[TimeControl "180+1"]
[EndTime "15:28:14 PST"]
[Termination "Sokoloco won on time"]

1. b3 e5 2. Bb2 Nc6 3. e3 g6 4. d4 exd4 5. Nf3 Bb4+ 6. Nbd2 dxe3 7.
Qe2 f6 8. O-O-O Qe7 9. Nc4 exf2 10. Qxf2 d5 11. Rxd5 Be6 12. Rd1 Nh6 13. Qh4 Nf5 14. Qxf6 Qxf6 15. Bxf6 O-O 16. Bb2 b5 17. Ng5 Rae8 18.
Nxe6 Rxe6 19. Nd2 Ne3 20. Bxb5 Nxd1 21. Rxd1 Bxd2+ 22. Rxd2 Re1+ 23. Rd1 Rxd1+ 24. Kxd1 Rd8+ 25. Kc1 Nd4 26. Bc4+ Kg7 27. b4 Kh6 28. b5 Nf5 29. Be5 Nd6 30. Bd3 Re8 31. Bd4 Ra8 32. a4 Kg5 33. a5 Kf4 34. Kd2 h5 35. c4 Rd8 36.
Be3+ Ke5 37. Kc2 Nf5 38. Bxa7 Nd4+ 39. Kc3 Ne6 40. a6 Nf4 41. Bc2 Ne2+ 42. Kb4 Nd4 43.
Bxg6 h4 44. Bc5 Ne6 45. a7 Nxc5 46. Kxc5 Ra8 47. b6 Ke6 48. b7 1-0

[Event "Late-Titled-Tuesday-Blitz-January-30-2024"]
[Site "Chess.com"]
[Date "2024.01.30"]
[Round "8"]
[White "HansOnTwitch"]
[Black "SpeedofLight0"]
[Result "1-0"]
[WhiteElo "3217"]
[BlackElo "3028"]
[TimeControl "180+1"]
[EndTime "15:28:16 PST"]
[Termination "HansOnTwitch won by checkmate"]

1. e4 Nc6 2. Nf3 e5 3. Bc4 Nf6 4. d3 Bc5 5. O-O O-O 6. c3 d5 7. exd5 Nxd5 8. Re1 Bg4 9. a4 a5 10. h3 Bh5 11. Nbd2 Nb6 12. Bb3 Qxd3 13. Nxe5 Qf5 14. Nef3 Rad8 15. Qe2 Nd5 16. Qe4 Qd7 17. Qh4 Bg6 18.
Ne4 Be7 19. Bg5 Bxg5 20. Qxg5 Qf5 21. Qg3 Qf4 22. Bxd5 Qxg3 23. Bxf7+ Rxf7 24. fxg3 Re7 25. Nc5 Rxe1+ 26. Rxe1 b6 27. Ne6 Rd7 28. g4 Bc2 29.
Ra1 h6 30. Ned4 Nxd4 31. Nxd4 Bg6 32. Re1 Bf7 33. h4 c5 34. Nf3 Bb3 35. Re8+ Kh7 36.
Rb8 Rd6 37. Ne5 Bxa4 38. h5 Re6 39. Ng6 Re8 40. Rxb6 Bc2 41. Kf2 a4 42. Nf4 Re4 43. Kf3 Re1 44. g5 hxg5 45. Nh3 Re5 46. Nf2 Rf5+ 47. Kg3 Re5 48. Ng4 Re1 49. Rb7 Rb1 50. h6 Bb3 51. Rxg7+ Kh8 52. Nf6 Bc2 53. Rg8# 1-0

[Event "Late-Titled-Tuesday-Blitz-January-30-2024"]
[Site "Chess.com"]
[Date "2024.01.30"]
[Round "8"]
[White "szachmistrz2500"]
[Black "SuanFernandes"]
[Result "0-1"]
[WhiteElo "2492"]
[BlackElo "2344"]
[TimeControl "180+1"]
[EndTime "15:28:22 PST"]
[Termination "SuanFernandes won on time"]

1. d4 d5 2. c4 e6 3. Nc3 Nf6 4. Bg5 dxc4 5. e3 c5 6. Bxc4 cxd4 7. exd4 Nc6 8. Nf3 Be7 9. O-O O-O 10. Qd2 b6 11. Rad1 Nb4 12. a3 Nbd5 13. Ne5 Bb7 14. Rfe1 Rc8 15. Ba2 Nxc3 16. bxc3 Ne4 17. Bxe7 Qxe7 18. Rxe4 Bxe4 19. c4 Qxa3 20. d5 Rfd8 21.
Qf4 Bg6 22. Nxg6 hxg6 23. Qd2 Rd6 24. h3 Rcd8 25. Re1 exd5 26. cxd5 b5 27. Re3 Qc5 28. Rc3 Qb6 29. Qg5 b4 30. Re3 a5 31. Bb3 a4 32. Bxa4 Rxd5 33. Qf4 Qd6 34. Qxd6 R5xd6 35. Re7 Rd3 36. Rb7 R8d4 37. Be8 Rd1+ 38. Kh2 Rf4 39.
Kg3 g5 40. f3 Kf8 41. Bc6 Rdd4 42. Be4 g6 43. Bc2 f5 44. Bb3 Rd3 45. Be6 Rc3 46.
Rf7+ Ke8 47. Rb7 Rd4 48. Bf7+ Kd8 49. Bxg6 f4+ 50. Kg4 Rc5 51. Bf5 Rd2 52. Be4 Rxg2+ 53. Kh5 Rb2 0-1

[Event "Late-Titled-Tuesday-Blitz-January-30-2024"]
[Site "Chess.com"]
[Date "2024.01.30"]
[Round "8"]
[White "Defend1r"]
[Black "ChessSkool"]
[Result "1-0"]
[WhiteElo "2546"]
[BlackElo "2694"]
[TimeControl "180+1"]
[EndTime "15:28:23 PST"]
[Termination "Defend1r won on time"]

1. e4 c6 2. d4 d5 3. e5 Bf5 4. h4 h5 5. Bd3 Bxd3 6. Qxd3 Qa5+ 7. Nd2 e6 8. Ne2 Ne7 9. O-O Nf5 10. g3 Be7 11. c4 O-O 12. b3 Rd8 13. Nf3 c5 14. cxd5 Rxd5 15. Nf4 Rd8 16. d5 Nc6 17. d6 Bf8 18. Bd2 Qa3 19. Nxh5 Nfd4 20. Nxd4 Nxd4 21. Bc3 Nf5 22. Nf4 Rac8 23. h5 c4 24. bxc4 b5 25. Bd2 Qxd3 26. Nxd3 Rxc4 27. Ba5 Rd7 28. Rac1 f6 29. Rxc4 bxc4 30. Nc5 Rf7 31. d7 Be7 32. exf6 gxf6 33. Nxe6 Nd6 34. d8=Q+ Bxd8 35. Bxd8 Ne4 36. Rc1 Rd7 37. Ba5 Kf7 38. Nf4 Rb7 39. Rxc4 Rb1+ 40. Kg2 Nd6 41. Rc7+ Ke8 42. Rxa7 Rb5 43. Bc3 Ne4 44.
Bd4 Rb4 45. Be3 Rb1 46. h6 Ng5 47. h7 Nxh7 48. Rxh7 Ra1 49. Ra7 f5 50. Nd5 Kd8 51. Bf4 Rd1 52. Nb6 Ke8 53. Bg5 Kf8 54. Nc4 Ra1 55.
Ne5 Re1 56. Ng6+ Kg8 57. Bf6 1-0